 Dungeon Crawl Stone Soup version 0.30-a0-728-gc68057be0a (webtiles) character file.

Game seed: 2612223203208155210

4899 Conn the Thaumaturge (level 10, -17/51 HPs)
             Began as a Deep Elf Fire Elementalist on Jan 31, 2023.
             Was an Elder of Sif Muna.
             Engulfed by a cloud of flame (25 damage)
             ... on level 9 of the Dungeon.
             The game lasted 00:23:36 (8527 turns).

Conn the Thaumaturge (Deep Elf Fire Elementalist)   Turns: 8527, Time: 00:23:37

Health: -17/51     AC:  8    Str:  5    XL:     10   Next: 27%
Magic:  11/26      EV: 15    Int: 31    God:    Sif Muna [****..]
Gold:   595        SH:  0    Dex: 15    Spells: 13/29 levels left

rFire   . . .      SeeInvis .    b - staff of conjuration
rCold   . . .      Faith    .    (no shield)
rNeg    . . .      Spirit   .    r - +0 robe
rPois   .          Reflect  .    m - +2 helmet
rElec   .          Harm     .    (no cloak)
rCorr   .          Rampage  .    (no gloves)
Will    +....                    d - +2 pair of boots
Stlth   +++                      (no amulet)
HPRegen 0.28/turn                e - +6 ring of intelligence
MPRegen 0.20/turn                C - +4 ring of slaying

@: no status effects
A: no striking features
a: Renounce Religion, Channel Magic, Forget Spell, Divine Exegesis


You were on level 9 of the Dungeon.
You worshipped Sif Muna.
Sif Muna was greatly pleased with you.
You visited 2 branches of the dungeon, and saw 10 of its levels.
You also visited: Ossuary.

You collected 595 gold pieces.

Inventory:

Hand Weapons
 a - a +2 dagger of venom
 i - a +0 short sword
Missiles
 k - 7 curare-tipped darts (quivered)
Armour
 d - a +2 pair of boots (worn)
 m - a +2 helmet (worn)
 r - a +0 robe (worn)
Magical Staves
 b - a staff of conjuration (weapon)
Jewellery
 e - a +6 ring of intelligence (left hand)
 C - a +4 ring of slaying (right hand)
Wands
 p - a wand of paralysis (9)
 s - a wand of quicksilver (1)
 y - a wand of roots (14)
 D - a wand of polymorph (10)
Scrolls
 f - 7 scrolls of teleportation
 g - 3 scrolls of fog
 h - a scroll of fear
 o - a scroll of poison
 t - a scroll of magic mapping {unknown}
 u - a scroll of torment {unknown}
 v - a scroll of noise {unknown}
 x - 2 scrolls of vulnerability {unknown}
 B - a scroll of acquirement {unknown}
 E - a scroll of blinking {unknown}
Potions
 c - 2 potions of might
 j - 3 potions of heal wounds
 l - 3 potions of magic
 n - a potion of mutation
 q - 4 potions of curing
 w - 2 potions of ambrosia
 z - a potion of invisibility {unknown}
 A - 3 potions of lignification {unknown}


   Skills:
 + Level 0.8 Fighting
 + Level 0.4 Staves
 + Level 0.1 Throwing
 * Level 6.2 Dodging
 + Level 3.9 Stealth
 + Level 0.2 Unarmed Combat
 + Level 10.1 Spellcasting
 * Level 7.8 Conjurations
 + Level 0.8 Hexes
 + Level 7.8 Fire Magic
 * Level 4.8 Air Magic
 * Level 5.1 Invocations


You had 13 spell levels left.
You knew the following spells:

 Your Spells              Type           Power      Damage    Failure   Level
a - Foxfire               Conj/Fire      100%       2x1d9     1%          1
b - Swiftness             Air            45%        N/A       1%          3
c - Inner Flame           Hex/Fire       42%        N/A       1%          3
d - Flame Wave            Conj/Fire      77%        2d17      1%          4
e - Scorch                Fire           100%       2d10      1%          2
f - Mephitic Cloud        Conj/Pois/Air  58%        N/A       1%          3

Your spell library contained the following spells:

 Spells                   Type           Power      Damage    Failure   Level
 Poisonous Vapours        Pois/Air       60%        N/A       1%          2
 Kindle Blastsparks       Fire/Tloc/Air  84%        2d17      1%          3
 Cigotuvi's Dreadful Rot  Necr/Pois/Air  50%        N/A       2%          2
 Apportation              Tloc           30%        N/A       3%          1
 Ensorcelled Hibernation  Hex/Ice        36%        N/A       4%          2
 Passwall                 Tmut/Erth      12%        N/A       4%          2
 Alistair's Intoxication  Tmut/Pois      10%        N/A       65%         5


Dungeon Overview and Level Annotations

Branches:
Dungeon (9/15)             Temple (1/1) D:4            Lair (0/5) D:8
Ossuary (visited)
    Orc: D:9-12

Altars:
Ashenzari
Cheibriados
Elyvilon
Fedhas
Gozag
Hepliaklqana
Kikubaaqudgha
Makhleb
Nemelex Xobeh
Okawaru
Qazlal
Ru
Sif Muna
Trog
Uskayaw
Vehumet
Wu Jian
Xom
Yredelemnul
Zin
The Shining One

Shops:
D:4 *

Annotations:
D:5 3 runed translucent doors, Frosty's ghost, novice DsNe; MrShunz's ghost, novice VSBr; Svetislav95's ghost, novice HuBe; mmBingo's ghost, amateur DsMo; voronchuk's ghost, amateur DECj
D:8 2 transporters, mojasp's ghost, novice VSMo


Message History

The centaur is severely wounded. (Press . to intensify the flame waves.)
The foxfire hits the centaur but does no damage.
The centaur is severely wounded.
The centaur unwields a +0 shortbow.
The centaur hits you. The centaur kicks you.
Unknown command.
Unknown command.
Unknown command.
Unknown command.
The centaur wields a +1 shortbow of flaming.
It bursts into flame!
The centaur shoots an arrow.
The arrow hits you. The arrow burns you.
The hornet stings the centaur.
The centaur seems to slow down.
The centaur barely misses you. The centaur misses you.
The centaur wields a +0 shortbow.
The centaur shoots an arrow.
The arrow hits you.
There is a stone staircase leading up, spattered with blood here.
The hornet seems less confused.
The hornet closely misses you.
Okay, then.
Unknown command.
Unknown command.
Unknown command.
Aiming: Quicksilver Bolt
Press: ? - help, Shift-Dir - straight line, f - hornet
Aim: a hornet (almost dead, inner flame, 57% to hit)
The bolt of dispelling energy hits the hornet!
Sif Muna accepts your kill.
The bolt of dispelling energy hits the centaur!
You kill the centaur!
Sif Muna accepts your kill.
The hornet explodes!
The fiery explosion engulfs you!!
Ouch! That really hurt!
* * * LOW HITPOINT WARNING * * *
The fiery explosion engulfs the centaur!!
You kill the centaur!
Sif Muna accepts your kill.
You are engulfed in blazing flames.
You die...

### #.. #.# #.#
#.# #@#
#######§#####..
......§§)......
#######.######.
#.# #.# #.# #(.
###


There were no monsters in sight!

Vanquished Creatures
  A rime drake (D:8)
  A hornet (D:9)
  Grinder (D:6)
  2 wraiths (Ossuary)
  Sigmund (D:2)
  2 steam dragons
  2 water moccasins
  2 black bears
  An orc warrior (D:7)
  2 sky beasts
  5 ice beasts
  2 ogres
  A wolf (D:8)
  2 centaurs (D:9)
  Blork the orc (D:6)
  A phantom (D:7)
  A kobold brigand (D:8)
  2 scorpions
  3 bullfrogs
  14 wights
  3 killer bees (D:7)
  2 howler monkeys
  2 jellies
  9 orc priests
  2 hounds (D:6)
  A gnoll bouda (D:7)
  Natasha (D:2)
  4 orc wizards
  2 iguanas
  Robin (D:4)
  4 gnolls (D:7)
  12 adders
  A shadow imp (D:5)
  2 white imps
  3 ufetubi
  An adder zombie (Ossuary)
  33 orcs
  10 ball pythons
  5 endoplasms
  3 giant cockroaches
  14 goblins
  9 hobgoblins
  4 jackals
  2 quokkas (D:1)
  2 ball python skeletons (Ossuary)
  5 bats
  3 frilled lizards
  A hobgoblin skeleton (Ossuary)
  A hobgoblin zombie (Ossuary)
  14 kobolds
  2 kobold zombies (Ossuary)
  An orc zombie (Ossuary)
  4 rats
210 creatures vanquished.

Vanquished Creatures (others)
  666 foxfires
  A fungus (D:3)
667 creatures vanquished.

Grand Total: 877 creatures vanquished

Notes
Turn   | Place    | Note
-------+----------+-------------------------------------------
     0 | D:1      | Conn the Deep Elf Fire Elementalist began the quest for the
                  | Orb.
     0 | D:1      | Reached XP level 1. HP: 10/10 MP: 6/6
   240 | D:1      | Reached XP level 2. HP: 15/15 MP: 5/8
  1038 | D:1      | Learned a level 2 spell: Scorch
  1164 | D:2      | Reached XP level 3. HP: 19/19 MP: 3/10
  1166 | D:2      | Reached skill level 4 in Spellcasting
  1167 | D:2      | Reached XP level 4. HP: 24/24 MP: 0/12
  1615 | D:2      | You fall into a shaft and drop 2 floors!
  1684 | D:4      | Found a staircase to the Ecumenical Temple.
  1696 | Temple   | Entered the Ecumenical Temple
  1696 | Temple   | Found a transporter.
  1696 | Temple   | Found a transporter.
  1698 | Temple   | Found a transporter.
  1698 | Temple   | Found a transporter.
  1726 | Temple   | Became a worshipper of Sif Muna the Loreminder
  1744 | D:4      | Found Nhihiedgh's Needful Niceties.
  2006 | D:3      | Reached skill level 5 in Spellcasting
  2047 | D:3      | Reached XP level 5. HP: 28/28 MP: 6/14
  2187 | D:3      | Found a faded altar of an unknown god.
  2424 | D:3      | Learned a level 4 spell: Flame Wave
  2428 | D:3      | Learned a level 3 spell: Inner Flame
  2432 | D:3      | Learned a level 3 spell: Swiftness
  2548 | D:2      | Noticed Sigmund
  2552 | D:2      | Killed Sigmund
  2553 | D:2      | Reached skill level 1 in Invocations
  2553 | D:2      | Reached XP level 6. HP: 32/32 MP: 6/16
  2906 | D:2      | Noticed Natasha
  2910 | D:2      | Killed Natasha
  3021 | D:2      | Reached * piety under Sif Muna
  3392 | D:4      | Reached skill level 5 in Fire Magic
  3395 | D:4      | Noticed Robin
  3398 | D:4      | Killed Robin
  3399 | D:4      | Reached skill level 1 in Air Magic
  3599 | D:4      | Reached XP level 7. HP: 28/36 MP: 8/17
  3939 | D:4      | Reached skill level 6 in Spellcasting
  4250 | D:5      | Entered Level 5 of the Dungeon
  4252 | D:5      | Reached ** piety under Sif Muna
  4715 | D:5      | Reached XP level 8. HP: 42/42 MP: 10/20
  4851 | D:5      | Reached skill level 7 in Spellcasting
  5007 | D:5      | Found a runed translucent gate.
  5007 | D:5      | Noticed Svetislav95's ghost (novice HuBe)
  5008 | D:5      | Found a runed translucent gate.
  5008 | D:5      | Noticed voronchuk's ghost (amateur DECj)
  5008 | D:5      | Noticed mmBingo's ghost (amateur DsMo)
  5008 | D:5      | Noticed MrShunz's ghost (novice VSBr)
  5008 | D:5      | Noticed Frosty's ghost (novice DsNe)
  5009 | D:5      | Found a runed translucent gate.
  5171 | D:6      | Noticed Grinder
  5182 | D:6      | Killed Grinder
  5183 | D:6      | Reached skill level 5 in Conjurations
  5264 | D:6      | Found a burning altar of Makhleb.
  5264 | D:6      | Found an ornate altar of the Wu Jian Council.
  5370 | D:6      | Noticed Blork the orc
  5377 | D:6      | Killed Blork the orc
  5388 | D:6      | Found a sand-covered staircase.
  5393 | Ossuary  | Entered an ossuary
  5692 | Ossuary  | Noticed a flying skull
  5699 | Ossuary  | Noticed a flying skull
  5700 | Ossuary  | Noticed a flying skull
  5725 | Ossuary  | Noticed a flying skull
  5726 | Ossuary  | Noticed a flying skull
  5739 | Ossuary  | Reached skill level 5 in Dodging
  5739 | Ossuary  | Reached XP level 9. HP: 30/46 MP: 13/22
  5805 | Ossuary  | Reached *** piety under Sif Muna
  5806 | Ossuary  | Reached skill level 8 in Spellcasting
  7004 | D:7      | Reached skill level 9 in Spellcasting
  7441 | D:7      | Learned a level 3 spell: Mephitic Cloud
  7730 | D:8      | Found a transporter.
  7733 | D:8      | Found a bloodstained altar of Trog.
  7733 | D:8      | Noticed a moth of wrath
  7735 | D:8      | Noticed mojasp's ghost (novice VSMo)
  7744 | D:8      | Found a transporter.
  7894 | D:8      | Noticed a rime drake
  7896 | D:8      | Reached **** piety under Sif Muna
  7903 | D:8      | Reached XP level 10. HP: 30/51 MP: 8/25
  8070 | D:8      | Reached skill level 10 in Spellcasting
  8097 | D:8      | Reached skill level 5 in Invocations
  8268 | D:8      | Found a staircase to the Lair.
  8527 | D:9      | Engulfed by a cloud of flame

Illustrated notes

Levels and vault maps discovered:
D:1:      dpeg_arrival_fog, layout_loops_ring, minmay_quantized
D:2:      layout_basic, serial_glass, glass_columns_b, glass_columns_b,
          ebering_dispersal_statue_hall, uniq_natasha, uniq_sigmund
D:3:      layout_basic, dreamdust_ecumenical_altar_hidden_monk_grotto
D:4:      minmay_skewed_foursquare, layout_basic,
          minmay_temple_entry_sparse_star, nicolae_alphabet_shops, uniq_robin
D:5:      lemuel_ice_spiral_2, layout_rooms, gammafunk_ghost_cemetery,
          serial_rivers, chequers_serial_rivers_micro_b,
          chequers_serial_rivers_marsh, chequers_serial_rivers_micro_c,
          chequers_serial_rivers_micro_a, chequers_serial_rivers_micro_d
D:6:      layout_cave_pods, mainiacjoe_overflow_divided_tiny,
          nicolae_ossuary_entry_false_entrances, uniq_grinder,
          uniq_blork_the_orc
D:7:      layout_cave_pools
D:8:      cheibrodos_iron_armory, layout_cave_pools, hellmonk_lair_entry_icy,
          gammafunk_ghost_wrathful_warriors
D:9:      layout_loops_ring, uniq_erica, uniq_prince_ribbit1
Temple:   hellmonk_temple_divided_pantheon

Skill      XL: |  1  2  3  4  5  6  7  8  9 10 |
---------------+-------------------------------+-----
Spellcasting   | 4 5 6 7 9 10 | 10.1
Fire Magic     | 4 5 6 7 |  7.8
Conjurations   | 2 3 4 5 7 |  7.8
Dodging        | 3 4 5 6 |  6.2
Stealth        | 3 |  3.9
Invocations    | 1 3 4 5 |  5.1
Air Magic      | 1 2 3 4 |  4.8
Fighting       | |  0.8
Staves         | |  0.4
Throwing       | |  0.1
Unarmed Combat | |  0.2
Hexes          | |  0.8

Action                     |  1- 3 |  4- 6 |  7- 9 | 10-12 || total
---------------------------+-------+-------+-------+-------++-------
  Melee: Unarmed           |     9 |       |       |       ||     9
         Staff             |       |    37 |    13 |     3 ||    53
         Punch             |       |     1 |       |       ||     1
  Throw: Dart              |       |       |     4 |       ||     4
   Cast: Foxfire           |    55 |   107 |   193 |    41 ||   396
         Scorch            |       |     7 |    59 |     7 ||    73
         Inner Flame       |       |     3 |     1 |     2 ||     6
         Flame Wave        |       |       |    11 |     2 ||    13
         Mephitic Cloud    |       |       |       |     1 ||     1
 Invoke: Channel Magic     |       |       |     2 |       ||     2
  Evoke: Wand              |       |       |       |     1 ||     1
    Use: Scroll            |       |     8 |     7 |       ||    15
         Potion            |       |       |     4 |       ||     4
   Stab: Sleeping          |     1 |     2 |     1 |       ||     4
         Distracted        |       |     1 |       |       ||     1
 Armour: Robe              |       |     8 |    15 |       ||    23
  Dodge: Dodged            |    16 |    41 |    36 |     9 ||   102

Table legend: (Time is in decaauts)
 A = Elapsed time spent in this place.
 B = Non-inter-level travel time spent in this place.
 C = Inter-level travel time spent in this place.
 D = Time resting spent in this place.
 E = Time spent auto-exploring this place.
 F = Levels seen in this place.
 G = Mean time per level.
                   A        B        C        D        E       F      G
               +--------+--------+--------+--------+--------+-----+--------+
         Total |   8556 |   8341 |    215 |    760 |   5585 |  11 |  777.8 |
       Dungeon |   7875 |   7668 |    207 |    595 |   5253 |   9 |  875.0 |
        Temple |     42 |     34 |      8 |      0 |      0 |   1 |   42.0 |
       Ossuary |    638 |    638 |      0 |    165 |    332 |   1 |  638.0 |
               +--------+--------+--------+--------+--------+-----+--------+

Top non-repeatable levels by time:
     D:1: 1249 daAuts
     D:2: 1211 daAuts
     D:6: 1175 daAuts
     D:4: 1100 daAuts
     D:5: 829 daAuts
     D:8: 784 daAuts
     D:7: 757 daAuts
     D:3: 754 daAuts
 Ossuary: 638 daAuts
  Temple: 42 daAuts
     D:9: 13 daAuts
